Map: Prion Terraces

Players

Nubbysen

  • Race: Protoss Protoss

lesha - Winner!

  • Race: Terran Terran
  • League: Gold

VOD

Have the link to the VOD?

Description

Time

  • Played on: Jan. 10, 2016, 8:37 a.m.
  • Length: 8:26
Show
View Real Time Build Order
Export as new Build Order

Nubbysen Protoss 

Build Orders:  

Get SALT Encoding   

  12  0:01  Probe (Chrono Boost)  
  13  0:11  Probe (Chrono Boost)  
  14  0:18  Pylon  
  14  0:22  Probe (Chrono Boost)  
  15  0:36  Probe (Chrono Boost)  
  15  0:38  Gateway  
  16  0:44  Assimilator  
  16  0:47  Probe (Chrono Boost)  
  17  0:58  Probe (Chrono Boost)  
  17  1:04  Assimilator  
  18  1:08  Probe (Chrono Boost), Pylon  
  19  1:19  Probe (Chrono Boost)  
  20  1:28  Cybernetics Core  
  20  1:32  Gateway  
  20  1:38  Probe (Chrono Boost)  
  21  1:49  Probe (Chrono Boost)  
  22  1:57  Gateway  
  22  2:07  Mothership Core (Chrono Boost)  
  22  2:08  Adept  
  26  2:11  Warp Gate (Chrono Boost)  
  26  2:28  Forge  
  26  2:33  Robotics Facility  
  26  2:38  Pylon  
  26  3:10  Stalker  
  26  3:11  Stalker x2  
  32  3:29  Nexus  
  32  3:38  Protoss Ground Weapons Level 1 (Chrono Boost)  
  32  3:51  Warp Prism  
  34  4:12  Gateway  
  34  4:15  Gateway  
  34  4:20  Gateway  
  34  4:27  Sentry x2  
  38  4:45  Pylon x2  
  38  4:49  Pylon  
  38  4:52  Probe  
  39  5:02  Probe  
  40  5:13  Probe x2  
  42  5:23  Probe  
  42  5:25  Probe, Pylon  
  42  5:27  Pylon  
  44  5:34  Probe  
  44  5:37  Probe  
  46  5:45  Twilight Council  
  46  5:51  Robotics Bay  
  46  6:00  Stalker x2  
  46  6:01  Stalker  
  52  6:11  Stalker  
  54  6:12  Stalker  
  54  6:15  Probe  
  57  6:25  Probe  
  58  6:36  Probe  
  59  6:55  Stalker x3, Assimilator  
  59  6:56  Stalker  
  59  6:57  Stalker  
  59  6:58  Assimilator  
  69  7:17  Gravitic Drive (Chrono Boost)  
  69  7:42  Stalker x5  
  45  7:54  Stalker  
  32  8:08  Zealot x3  
  32  8:09  Zealot x2  
Show
View Real Time Build Order
Export as new Build Order

lesha Terran - Winner!

Build Orders: Reaper Expand, MMM Bio 

Get SALT Encoding   

  12  0:01  SCV  
  13  0:13  SCV  
  14  0:17  Supply Depot  
  14  0:25  SCV  
  15  0:39  SCV  
  15  0:40  Barracks  
  16  0:50  Refinery  
  16  0:51  SCV  
  17  1:09  SCV  
  18  1:27  Orbital Command  
  18  1:34  Reaper  
  18  1:39  Command Center  
  19  1:53  SCV, Supply Depot  
  20  2:05  SCV  
  21  2:12  Barracks Reactor  
  21  2:17  SCV  
  21  2:18  Barracks  
  22  2:29  SCV  
  23  2:48  SCV  
  23  2:54  Factory  
  23  2:55  Barracks  
  23  2:59  Orbital Command  
  23  3:01  Marine x2  
  25  3:08  SCV  
  26  3:16  Refinery  
  26  3:17  Barracks Tech Lab  
  26  3:19  Marine x2  
  26  3:20  SCV  
  29  3:29  SCV  
  29  3:32  SCV  
  31  3:39  Marine x2, Marauder  
  31  3:40  Factory Tech Lab  
  35  3:41  SCV  
  35  3:42  Stimpack  
  35  3:44  SCV  
  35  3:48  Barracks Reactor  
  37  3:53  SCV  
  38  3:56  SCV  
  39  4:11  SCV x2  
  39  4:13  Supply Depot  
  39  4:16  Bunker  
  41  4:18  Supply Depot  
  41  4:20  Marine x2  
  41  4:22  Marauder  
  45  4:25  Supply Depot  
  45  4:28  Siege Tank  
  48  4:31  Supply Depot, Marine x2  
  48  4:32  Supply Depot  
  50  4:40  Marine x2  
  50  4:42  Starport  
  50  4:45  SCV  
  53  4:46  SCV  
  54  4:57  SCV, Engineering Bay, Marine  
  54  4:58  SCV  
  57  5:01  Marine  
  57  5:03  Marauder  
  60  5:09  SCV  
  60  5:10  SCV  
  62  5:26  SCV  
  62  5:27  SCV  
  64  5:28  Marine  
  64  5:29  Marine x4  
  64  5:31  Starport Reactor  
  69  5:41  Terran Infantry Weapons Level 1  
  69  5:43  Combat Shields  
  69  5:46  Marine  
  69  5:47  Marine x2  
  72  5:50  Barracks  
  72  5:52  Barracks  
  72  5:53  Command Center  
  72  6:02  Marine  
  73  6:04  Marauder  
  75  6:14  Refinery  
  75  6:17  Refinery  
  75  6:24  Medivac  
  77  6:30  Marine x2  
  77  6:31  Marine x3  
  82  6:48  Barracks Tech Lab x2  
  82  6:51  Barracks  
  82  6:53  Barracks  
  82  6:54  Engineering Bay  
  82  6:56  Command Center  
  82  6:57  Armory  
  82  7:08  Marine x5  
  83  7:09  Marine x2  
  83  7:10  Medivac  
  91  7:34  SCV x2  
  90  7:46  SCV x2  
Tags
 
Composition
MMM Bio
League
Gold
Matchup
PvT
Add a new tag
Caveats
  • Supply blocks, unpowered buildings, or Contaminate may cause inaccurate times.
  • Supply counts are checked every 10 seconds.